 Seeded DCSS version 0.30.1-4-g462c640d31 (webtiles) character file.

Game seed: 6351066067085065685 (custom seed)

2 Esekla the Grave Robber (level 1, 0/10 HPs)
             Began as a Deep Elf Necromancer on Aug 27, 2023.
             Constricted to death by a goblin (4 damage)
             ... on level 2 of the Dungeon.
             The game lasted 00:01:31 (271 turns).

Esekla the Grave Robber (Deep Elf Necromancer)       Turns: 271, Time: 00:01:32

Health: 0/10       AC:  2    Str:  5    XL:     1   Next: 33%
Magic:  6/6        EV:  9    Int: 19    God:
Gold:   4          SH:  0    Dex: 15    Spells: 5/6 levels left

rFire   . . .        c - +0 short sword
rCold   . . .        (no shield)
rNeg    . . .        a - +0 robe
rPois   .            (no helmet)
rElec   .            (no cloak)
rCorr   .            (no gloves)
SInv    .            (no boots)
Will    .....        (no amulet)
Stlth   ++           (no ring)
HPRegen 0.21/turn    (no ring)
MPRegen 0.10/turn

%: no passive effects
@: grasped by roots, constricted
A: no striking features
a: no special abilities


You were on level 2 of the Dungeon.
You visited 1 branch of the dungeon, and saw 2 of its levels.

You collected 4 gold pieces.

Inventory:

Hand Weapons
 c - a +0 short sword (weapon)
Armour
 a - a +0 robe (worn)
Scrolls
 e - a scroll of fear {unknown}
 f - 3 scrolls of identify {unknown}
Potions
 b - a potion of magic
 d - a potion of ambrosia {unknown}


   Skills:
 * Level 2.4 Dodging
 + Level 2.5 Stealth
 * Level 3.0 Spellcasting
 + Level 4.9 Necromancy


You had 5 spell levels left.
You knew the following spells:

 Your Spells              Type           Power      Damage    Failure   Level
a - Necrotise             Necr           84%        1d8       1%          1

Your spell library contained the following spells:

 Spells                   Type           Power      Damage    Failure   Level
 Vampiric Draining        Necr           21%        2d7       6%          3
 Animate Dead             Necr           21%        N/A       21%         4
 Agony                    Necr           21%        N/A       50%         5


Dungeon Overview and Level Annotations

Branches:
Dungeon (2/15)

Altars:


Message History

You punch the ball python.
You kill the ball python!
You start resting.
HP restored.
You see here a frilled lizard corpse.
A ball python and a goblin come into view.
Found a runed orb.
Found a stone staircase leading down.
The ball python hisses angrily.
A bat comes into view.
Found a bubbling green potion.
The bat moves out of view.
There is a stone staircase leading down here.
You climb downwards.
Found a stone staircase leading down.
There is a stone staircase leading up here.
Found 4 gold pieces.
Found a scroll labelled OPUZOUSOET.
Found a stone staircase leading down.
There is a stone staircase leading down here.
f - 2 scrolls labelled OPUZOUSOET (gained 1)
You now have 4 gold pieces.
Found a scroll labelled OPUZOUSOET.
f - 3 scrolls labelled OPUZOUSOET (gained 1)
A goblin comes into view.
It is wielding a +0 dagger and carrying a wand of roots (9).
The goblin shouts!
The goblin zaps a wand.
The roots erupt in riotous growth!
The grasping roots grab you! The grasping roots constrict you.
You escape the roots grasp.
The goblin zaps a wand.
The roots erupt in riotous growth!
The grasping roots grab you! The grasping roots constrict you.
You escape the roots grasp.
The goblin zaps a wand.
The roots erupt in riotous growth!
The grasping roots grab you! The grasping roots constrict you.
You escape the roots grasp.
The goblin zaps a wand.
The roots erupt in riotous growth!
The grasping roots grab you! The grasping roots constrict you.
You die...

## ### .. ..# ###.
#># ....#.#
#..#.###
#......############
#...@.............#
#.###..##########.#
#.<# #.# #..# #.#
#..# ##.##
#g.#########.#.##
#...........###..
#.##########.#.##
#.# ##.###


You could see a goblin.

Vanquished Creatures
  A ball python (D:1)
  A frilled lizard (D:1)
  A kobold (D:1)
3 creatures vanquished.

Notes
Turn   | Place    | Note
-------+----------+-------------------------------------------
     0 | D:1      | Esekla the Deep Elf Necromancer began the quest for the
                  | Orb.
     0 | D:1      | Reached XP level 1. HP: 10/10 MP: 6/6
   271 | D:2      | Constricted to death by a goblin

Illustrated notes

Levels and vault maps discovered:
D:1:      sevenhm_arrival_forest_fort_small_3, layout_rooms,
          chequers_serial_rivers_room_b, minmay_misc_feat_five
D:2:      layout_loops_ring, dreamdust_ecumenical_altar_angels_and_demons,
          serial_shops, shop

Action                     || total
---------------------------++-------
  Melee: Unarmed           ||     9
         Short sword       ||     6
         Punch             ||     1
 Armour: Robe              ||     4
  Dodge: Dodged            ||    10
